 Dungeon Crawl Stone Soup version 0.27.1-34-g3ba077fa99 (webtiles) character file.

Game seed: 2005398531385159611

23298 Sharkman1231 the Spear-Bearer (level 12, -4/106 HPs)
             Began as a Green Draconian Transmuter on Jan 22, 2022.
             Was an Elder of Sif Muna.
             Slain by a skeletal warrior (8 damage)
             ... on level 13 of the Dungeon.
             The game lasted 00:14:27 (14796 turns).

Sharkman1231 the Spear-Bearer (DrTm)               Turns: 14796, Time: 00:14:28

Health: -4/106     AC: 11    Str: 13    XL:     12   Next: 70%
Magic:  0/15       EV: 16    Int: 14    God:    Sif Muna [****..]
Gold:   1031       SH:  8    Dex: 16    Spells: 9/15 levels left

rFire    + . .     SeeInvis .   b - +4 demon trident (elec)
rCold    + . .     Faith    .   c - +3 warlock's mirror {reflect}
rNeg     . . .     Spirit   +   (armour unavailable)
rPois    +         Reflect  +   (helmet restricted)
rElec    +         Harm     .   (no cloak)
rCorr    +         Rampage  .   e - +2 pair of gloves
Will     ++...     Rnd*Tele +   (no boots)
Stlth    +.........             g - amulet of guardian spirit
HPRegen  0.27/turn              q - ring of willpower
MPRegen  0.14/turn              y - ring of willpower

@: resistant, marked, attractive, flying, hasted, very quick
A: breathe noxious fumes, AC +8, unfitting armour, poison resistance,
cold-blooded, stinger 1, teleportitis 1, wild magic 1, MP-powered wands
a: Breathe Noxious Fumes, Renounce Religion, Channel Magic, Forget Spell, Divine
Exegesis


You were on level 13 of the Dungeon.
You worshipped Sif Muna.
Sif Muna was greatly pleased with you.
You visited 2 branches of the dungeon, and saw 14 of its levels.
You also visited: Ossuary.

You collected 1031 gold pieces.

Inventory:

Hand Weapons
 a - the +7 trident of Mamessud {drain, rElec Int+4}
   (You found it on level 8 of the Dungeon)

   A truly terrible weapon, it drains the life of any living foe it strikes.
   Int:       It affects your intelligence (+4).
   rElec:     It insulates you from electricity.
 b - a +4 demon trident of electrocution (weapon)
 H - a +1 trident of venom
Missiles
 n - 4 throwing nets
Armour
 c - the +3 warlock's mirror (worn) {reflect}
   (You acquired it on level 3 of the Dungeon)

   It can block and reflect piercing ranged attacks and magical attacks against
   the wielder's willpower.
 e - a +2 pair of gloves (worn)
Jewellery
 g - an amulet of guardian spirit (around neck)
 q - a ring of willpower (left hand)
 y - a ring of willpower (right hand)
 D - a ring of positive energy
 E - a ring of fire
Wands
 h - a wand of charming (5)
 l - a wand of flame (28)
 x - a wand of digging (11)
 A - a wand of iceblast (13)
 C - a wand of acid (5)
Scrolls
 d - 2 scrolls of fog
 f - 2 scrolls of magic mapping
 j - 2 scrolls of vulnerability
 r - a scroll of silence
 u - a scroll of immolation
 v - a scroll of holy word
 z - 3 scrolls of fear
Potions
 i - a potion of mutation
 k - 2 potions of curing
 m - 7 potions of flight
 p - 2 potions of haste
 s - a potion of lignification {unknown}
 t - 3 potions of brilliance
 w - a potion of attraction


   Skills:
 - Level 10.0 Fighting
 * Level 14.8 Polearms
 - Level 8.0 Dodging
 - Level 4.0 Shields
 - Level 4.6 Unarmed Combat
 - Level 2.0 Spellcasting
 - Level 3.1 Transmutations
 - Level 0.7 Poison Magic
 - Level 6.0 Evocations


You had 9 spell levels left.
You knew the following spells:

 Your Spells              Type           Power      Damage    Failure   Level
a - Beastly Appendage     Tmut           26%        N/A       11%         1
b - Wereblood             Tmut           13%        N/A       14%         2
c - Spider Form           Tmut/Pois      4%         N/A       41%         3

Your spell library contained the following spells:

 Spells                   Type           Power      Damage    Failure   Level
 Ice Form                 Ice/Tmut       7%         N/A       83%         4
 Blade Hands              Tmut           6%         N/A       92%         5
 Iron Shot                Conj/Erth      0%         9d1       100%        6
 Animate Armour           Summ/Erth      Unusable   N/A       N/A         4

Dungeon Overview and Level Annotations

Branches:
Dungeon (13/15)            Temple (1/1) D:7            Lair (0/6) D:9
    Orc (0/2) D:12        Ossuary (visited)
 Vaults: D:13-14

Altars:
Ashenzari
Dithmenos
Gozag
Hepliaklqana
Kikubaaqudgha
Makhleb
Okawaru
Qazlal
Ru
Sif Muna
Vehumet
Wu Jian
Xom
Zin

Shops:
D:6 (

Portals:
Trove: D:12 (give 2 scrolls of acquirement)

Annotations:
D:13 Azrael


Innate Abilities, Weirdness & Mutations

You can breathe blasts of noxious fumes.
Your lurid green scales are hard. (AC +8)
You cannot fit into any form of body armour.
Your system is resistant to poisons. (rPois)
You are cold-blooded and may be slowed by cold attacks.
Your tail ends in a poisonous barb.
You are occasionally teleported next to monsters.
Your spells are a little harder to cast, but a little more powerful.
You expend magic power (3 MP) to strengthen your wands.


Message History

You fly up into the air.
Unknown command.
A skeletal warrior comes into view. It is wielding a +0 long sword.
As you read the scroll labelled LUTIWO GEUMU, it crumbles to dust.
It is a scroll of enchant armour.
You aren't carrying any armour which can be enchanted further.
Okay, then.
That's the wrong kind of item! (Use * to select it.) Evoke which item? (* to show all) (? for menu, Esc to quit)
Aiming: Charm
Press: ? - help, Shift-Dir - straight line, f - vault guard
Aim: a vault guard, wielding a +0 war axe and wearing a +0 plate armour (chance to affect: 29%)
The vault guard easily resists.
The vault guard hits you with a +0 war axe!
* * * LOW HITPOINT WARNING * * *
It was a potion of mutation.
You feel extremely strange.
A poisonous barb forms on the end of your tail.
You feel less in control of your magic.
You feel weirdly uncertain.
You feel your magical essence link to the dungeon's wands.
The skeletal warrior completely misses you.
The vault guard closely misses you.
You feel better.
The skeletal warrior hits you with a +0 long sword!
* * * LOW HITPOINT WARNING * * *
You block the vault guard's attack.
Unknown command.
It was a potion of haste.
You feel yourself speed up.
You block the skeletal warrior's attack.
The vault guard hits you with a +0 war axe.
* * * LOW HITPOINT WARNING * * *
You feel better.
You block the skeletal warrior's attack.
The vault guard hits you with a +0 war axe!
* * * LOW HITPOINT WARNING * * *
It was a potion of attraction.
You feel attractive to monsters.
It was a potion of resistance.
You feel protected.
The skeletal warrior hits you with a +0 long sword!
You die...

###############
......z@p.....#
#############.##
#..# ##.## ##..#
##.#.# ##.##.#
##.###.#
#########.## #.#


You could see a vault guard and a skeletal warrior.

Vanquished Creatures
  2 vault guards (D:13)
  2 hydras (D:13)
  2 centaur warriors
  3 boulder beetles
  A catoblepas (D:13)
  5 two-headed ogres
  An orc knight (D:13)
  An ugly thing (D:9)
  2 cyclopes
  3 manticores (D:13)
  A guardian serpent (shapeshifter) (D:13)
  3 gargoyles
  An unseen horror (D:12)
  A kobold demonologist (D:10)
  6 trolls
  10 yaks
  2 vampires (D:11)
  Eustachio (D:3)
  Grum (D:9)
  3 wyverns (D:8)
  A golden eye (shapeshifter) (D:13)
  8 vampire mosquitoes
  A fire elemental (D:13)
  An acid dragon (D:10)
  4 water moccasins
  4 hell hounds (D:13)
  A sky beast (D:6)
  2 black bears
  2 ice beasts
  2 orc warriors
  3 ogres
  2 wolves (D:9)
  5 centaurs
  2 kobold brigands
  A phantom (D:6)
  A bullfrog (D:6)
  2 gnoll sergeants
  2 scorpions
  7 killer bees
  6 howler monkeys
  4 hounds
  8 orc priests
  A jelly (D:8)
  3 bullfrog skeletons (D:6)
  2 gnoll shamans
  A centaur skeleton (D:5)
  Jessica (D:3)
  5 iguanas
  15 orc wizards
  Ijyb (D:3)
  A hound skeleton (D:4)
  8 mummies (Ossuary)
  Robin (D:3)
  19 gnolls
  5 adders
  2 white imps (D:5)
  2 ufetubi
  A dart slug (D:5)
  2 worms
  44 orcs
  5 bats
  10 endoplasms
  3 giant cockroaches
  15 goblins
  11 hobgoblins
  2 jackals (D:2)
  14 kobolds
  4 quokkas
  5 ball pythons
  A frilled lizard (D:2)
  A gnoll zombie (Ossuary)
  A hobgoblin zombie (Ossuary)
  3 kobold zombies (Ossuary)
  3 orc zombies (Ossuary)
  5 rats
317 creatures vanquished.

Vanquished Creatures (collateral kills)
  A killer bee (D:11)
1 creature vanquished.

Vanquished Creatures (others)
  A tarantella (shapeshifter) (D:13)
  A withered plant (D:3)
2 creatures vanquished.

Grand Total: 320 creatures vanquished

Notes
Turn   | Place    | Note
-------+----------+-------------------------------------------
     0 | D:1      | Sharkman1231 the Draconian Transmuter began the quest for
                  | the Orb.
     0 | D:1      | Reached XP level 1. HP: 16/16 MP: 3/3
   378 | D:1      | Reached XP level 2. HP: 23/23 MP: 5/5
   769 | D:1      | Found a faded altar of an unknown god.
  1182 | D:2      | Reached XP level 3. HP: 24/29 MP: 4/6
  1194 | D:2      | Learned a level 2 spell: Wereblood
  1983 | D:3      | Noticed Robin
  1985 | D:3      | Reached XP level 4. HP: 36/36 MP: 4/7
  1989 | D:3      | Killed Robin
  2044 | D:3      | Noticed Jessica
  2055 | D:3      | Killed Jessica
  2313 | D:3      | Learned a level 3 spell: Spider Form
  2627 | D:3      | Noticed Ijyb
  2645 | D:3      | Killed Ijyb
  2646 | D:3      | Reached XP level 5. HP: 42/42 MP: 5/8
  2665 | D:3      | Identified a scroll of acquirement
  2665 | D:3      | Acquired the +3 warlock's mirror {reflect}
  2665 | D:3      | Found the +3 warlock's mirror {reflect}
  2751 | D:3      | Found an ancient bone altar of Kikubaaqudgha.
  2935 | D:4      | Acquired a +2 demon trident of electrocution
  3140 | D:4      | Reached skill level 1 in Polearms
  3140 | D:4      | Reached skill level 1 in Shields
  3217 | D:4      | Noticed Eustachio
  3283 | D:4      | Reached XP level 6. HP: 51/51 MP: 7/9
  3614 | D:3      | Killed Eustachio
  3615 | D:3      | Reached skill level 2 in Polearms
  3748 | D:4      | Found an ornate altar of the Wu Jian Council.
  3805 | D:5      | Entered Level 5 of the Dungeon
  3834 | D:4      | Reached skill level 3 in Polearms
  3834 | D:4      | Your scales start taking on a lurid green colour.
  3834 | D:4      | Reached XP level 7. HP: 45/58 MP: 7/10
  3834 | D:4      | Gained mutation: Your system is resistant to poisons.
                  | (rPois) [Green Draconian growth]
  3881 | D:5      | Found a glowing silver altar of Zin.
  3881 | D:5      | Found a shimmering altar of Xom.
  3881 | D:5      | Noticed an angel
  4035 | D:5      | Found a stormy altar of Qazlal.
  4110 | D:5      | Reached skill level 4 in Polearms
  4424 | D:6      | Found a broken altar of Ashenzari.
  4435 | D:6      | Found a shimmering blue altar of Sif Muna.
  4450 | D:6      | Became a worshipper of Sif Muna the Loreminder
  4479 | D:6      | Found a sand-covered staircase.
  4484 | Ossuary  | Entered an ossuary
  4566 | Ossuary  | Reached XP level 8. HP: 42/67 MP: 8/11
  4897 | D:6      | Reached skill level 5 in Polearms
  4976 | D:6      | Noticed a troll
  4997 | D:6      | Killed a troll
  4997 | D:6      | Reached * piety under Sif Muna
  4998 | D:6      | Reached skill level 5 in Fighting
  5012 | D:6      | Reached skill level 6 in Polearms
  5092 | D:6      | Found a sacrificial altar of Ru.
  5389 | D:6      | Found Huicynn's Weapon Shoppe.
  5461 | D:6      | Reached skill level 7 in Polearms
  5787 | D:6      | Reached XP level 9. HP: 66/75 MP: 12/12
  6007 | D:7      | Found a shadowy altar of Dithmenos.
  6257 | D:7      | Reached ** piety under Sif Muna
  6365 | D:7      | Found a staircase to the Ecumenical Temple.
  6389 | D:7      | Found a radiant altar of Vehumet.
  6536 | Temple   | Entered the Ecumenical Temple
  6584 | D:8      | Noticed a two-headed ogre
  6591 | D:8      | Killed a two-headed ogre
  6592 | D:8      | Reached skill level 8 in Polearms
  6592 | D:8      | Reached skill level 5 in Dodging
  6805 | D:8      | Identified the +7 trident of Mamessud {drain, rElec Int+4}
  6948 | D:8      | Reached skill level 9 in Polearms
  7021 | D:8      | Reached XP level 10. HP: 79/88 MP: 11/13
  7447 | D:8      | Found an iron altar of Okawaru.
  7880 | D:9      | Noticed Grum
  7894 | D:9      | Reached skill level 10 in Polearms
  7899 | D:9      | Killed Grum
  7948 | D:9      | Noticed a red ugly thing
  7956 | D:9      | Killed a red ugly thing
  8043 | D:9      | Reached *** piety under Sif Muna
  8330 | D:9      | Noticed a two-headed ogre
  8378 | D:9      | Killed a two-headed ogre
  8432 | D:9      | Found a staircase to the Lair.
  8588 | D:10     | Entered Level 10 of the Dungeon
  8589 | D:10     | Found a hazy altar of Hepliaklqana.
  8649 | D:10     | Reached skill level 11 in Polearms
  8857 | D:10     | Reached XP level 11. HP: 92/97 MP: 14/14
 10180 | D:10     | Found a hazy altar of Hepliaklqana.
 10870 | D:11     | Reached **** piety under Sif Muna
 10899 | D:11     | Noticed a two-headed ogre
 10974 | D:11     | Noticed a two-headed ogre
 10981 | D:11     | Killed a two-headed ogre
 11015 | D:11     | Reached skill level 1 in Evocations
 11103 | D:11     | Killed a two-headed ogre
 11265 | D:11     | Reached skill level 12 in Polearms
 12145 | D:12     | Found a portal to a secret trove of treasure.
 12148 | D:12     | Noticed a centaur warrior
 12161 | D:12     | Killed a centaur warrior
 12162 | D:12     | Reached skill level 10 in Fighting
 12367 | D:12     | Noticed a boulder beetle
 12388 | D:12     | Killed a boulder beetle
 12433 | D:12     | Noticed a two-headed ogre
 12452 | D:12     | Killed a two-headed ogre
 12775 | D:12     | Found a staircase to the Orcish Mines.
 13051 | D:12     | Noticed a boulder beetle
 13070 | D:12     | Killed a boulder beetle
 13071 | D:12     | Reached XP level 12. HP: 106/106 MP: 15/15
 13485 | D:13     | Noticed a seven-headed hydra
 13498 | D:13     | Reached skill level 13 in Polearms
 13522 | D:13     | Noticed a boulder beetle
 13549 | D:13     | Killed a boulder beetle
 13551 | D:13     | Noticed a four-headed hydra
 13558 | D:13     | Killed a four-headed hydra
 13559 | D:13     | Reached skill level 5 in Evocations
 13746 | D:13     | Noticed a catoblepas
 13750 | D:13     | Killed a catoblepas
 14030 | D:13     | Killed a seven-headed hydra
 14210 | D:13     | Reached skill level 14 in Polearms
 14367 | D:13     | Noticed a centaur warrior
 14367 | D:13     | Noticed a vault guard
 14369 | D:13     | Noticed a vault guard
 14375 | D:13     | Noticed a vault guard
 14399 | D:13     | Killed a vault guard
 14402 | D:13     | Killed a centaur warrior
 14417 | D:13     | Killed a vault guard
 14680 | D:13     | Noticed Azrael
 14769 | D:13     | Noticed a vault guard
 14791 | D:13     | Gained mutation: Your tail ends in a poisonous barb.
                  | [potion of mutation]
 14791 | D:13     | Gained mutation: Your spells are a little harder to cast,
                  | but a little more powerful. [potion of mutation]
 14791 | D:13     | Gained mutation: You are occasionally teleported next to
                  | monsters. [potion of mutation]
 14791 | D:13     | Gained mutation: You expend magic power (3 MP) to
                  | strengthen your wands. [potion of mutation]
 14794 | D:13     | HP: 4/106 [vault guard (16)]
 14796 | D:13     | Slain by a skeletal warrior

Illustrated notes

Levels and vault maps discovered:
D:1:      dpeg_arrival_shrine, layout_loops_ring,
          chequers_ecumenical_altar_grove
D:2:      layout_rooms
D:3:      layout_loops_ring, kiku_gazebo_garden_becter, uniq_robin, uniq_ijyb,
          uniq_jessica
D:4:      layout_rooms, mainiacjoe_overflow_alcove_4, uniq_eustachio
D:5:      layout_gridville, grunt_temple_overflow_order_and_chaos_1,
          nicolae_qazlal_general_emergency, grunt_ministairs_1
D:6:      layout_cave_pods, mainiacjoe_overflow_boulevard,
          mainiacjoe_overflow_swirl, nicolae_ossuary_entry_plus, serial_shops,
          nicolae_lakefront_shop, minmay_checkerbox
D:7:      layout_basic, grunt_dithmenos_smoke_and_mirrors,
          nicolae_vehumet_altar_sigil, minmay_temple_entry_hall,
          amethyst_killhole
D:8:      layout_basic, lemuel_round_altar
D:9:      layout_rooms, dpeg_oklobed_lair, uniq_grum
D:10:     layout_irregular_city, mainiacjoe_overflow_six_doors_small,
          minmay_misc_feat_encased
D:11:     layout_basic, lightli_orcish_oven
D:12:     layout_irregular_city, orc_0_dummy, enter_trove_1, minivault_1
D:13:     layout_basic, lightli_vaults_fourway_checkpoint, uniq_azrael
Temple:   compressed_dpeg_circular_temple

Skill      XL: |  1  2  3  4  5  6  7  8  9 10 11 12 |
---------------+-------------------------------------+-----
Fighting       | 2 3 4 6 7 9 10 | 10.0
Unarmed Combat | 4 |  4.6
Transmutations | 3 |  3.1
Polearms       | 1 3 4 7 9 11 12 14 | 14.8
Shields        | 1 3 4 |  4.0
Dodging        | 2 4 5 7 8 |  8.0
Evocations     | 4 6 |  6.0
Spellcasting   | |  2.0
Poison Magic   | |  0.7

Action                   |  1- 3 |  4- 6 |  7- 9 | 10-12 || total
-------------------------+-------+-------+-------+-------++-------
Melee: Unarmed           |   108 |    63 |       |       ||   171
       Kick              |    11 |     3 |       |       ||    14
       Tailslap          |    11 |    16 |    28 |    58 ||   113
       Headbutt          |     2 |     3 |       |       ||     5
       Punch             |       |     1 |       |       ||     1
       Demon trident     |       |    95 |   259 |   407 ||   761
       Dagger            |       |     6 |       |       ||     6
       Trident           |       |       |    17 |    52 ||    69
 Cast: Beastly Appendage |     6 |     3 |     1 |       ||    10
       Wereblood         |     3 |       |       |       ||     3
 Abil: Breathe Noxious F |       |       |     7 |    19 ||    26
Evoke: Wand              |       |       |       |    17 ||    17
  Use: Potion            |       |     4 |       |     8 ||    12
       Scroll            |       |     6 |     6 |     8 ||    20
 Stab: Sleeping          |     1 |     3 |     5 |     3 ||    12
       Confused          |       |       |     7 |    19 ||    26
       Distracted        |       |       |       |     1 ||     1
Armor: Skin              |    32 |    77 |    69 |    63 ||   241
Dodge: Dodged            |    72 |   150 |   108 |   154 ||   484
Block: Buckler           |       |    74 |    89 |   115 ||   278
       Reflection        |       |       |     5 |    16 ||    21
